 Dungeon Crawl Stone Soup version 0.23.2-33-g5129a83184 (webtiles) character file.

Game seed: 14939224657658509211

1719 daning the Thaumaturge (level 8, -6/41 HPs)
             Began as a Deep Elf Conjurer on June 27, 2019.
             Was an Initiate of Sif Muna.
             Mangled by an orc warrior
             ... wielding a +0 short sword
              (15 damage)
             ... on level 7 of the Dungeon.
             The game lasted 00:18:31 (7756 turns).

daning the Thaumaturge (Deep Elf Conjurer)          Turns: 7756, Time: 00:18:32

Health: -6/41      AC:  8    Str:  5    XL:     8   Next: 75%
Magic:  1/24       EV: 14    Int: 23    God:    Sif Muna [......]
Gold:   546        SH:  0    Dex: 15    Spells: 12/28 levels left

rFire    + . .     SeeInvis .   (no weapon)
rCold    x . .     Gourm    .   (no shield)
rNeg     . . .     Faith    .   y - +0 robe "Couweg" {rElec Slay+2} (curse)
rPois    .         Spirit   .   n - +0 helmet
rElec    +         Reflect  .   B - +2 cloak
rCorr    +         Harm     .   u - +1 pair of gloves
MR       .....                  (no boots)
Stlth    +++.......             j - amulet of inaccuracy (curse)
HPRegen  0.13/turn              e - ring of resist corrosion
MPRegen  0.19/turn              F - ring of fire

@: about to teleport, very slightly contaminated
A: no striking features
a: Renounce Religion


You were on level 7 of the Dungeon.
You worshipped Sif Muna.
Sif Muna was noncommittal.
You were not hungry.

You visited 2 branches of the dungeon, and saw 9 of its levels.

You collected 546 gold pieces.

Inventory:

Armour
 a - a +0 robe
 n - a +0 helmet (worn)
 u - a +1 pair of gloves (worn)
 y - the cursed +0 robe "Couweg" (worn) {rElec Slay+2}
   (You found it on level 5 of the Dungeon)

   It affects your accuracy and damage with ranged weapons and melee attacks
   (+2).
   It insulates you from electricity.
   It has a curse placed upon it.
 B - a +2 cloak (worn)
Jewellery
 e - a ring of resist corrosion (left hand)
 j - a cursed amulet of inaccuracy (around neck)
 o - an uncursed amulet of magic regeneration {unknown}
 p - an uncursed amulet of regeneration {unknown}
 F - a ring of fire (right hand)
Wands
 i - a wand of digging (5)
Scrolls
 f - a scroll of noise {unknown}
 g - 3 scrolls of identify
 h - 3 scrolls of enchant weapon
 k - 2 scrolls of immolation {unknown}
 l - 4 scrolls of teleportation
 s - a scroll of fog {unknown}
 v - a scroll of magic mapping {unknown}
 x - 4 scrolls of remove curse {unknown}
 z - a scroll of enchant armour {unknown}
 A - 3 scrolls of holy word {unknown}
 C - 4 scrolls of blinking {unknown}
 D - a scroll of random uselessness {unknown}
Potions
 b - a potion of haste {unknown}
 d - 3 potions of might {unknown}
 m - a potion of agility {unknown}
 q - 3 potions of resistance {unknown}
 r - a potion of berserk rage {unknown}
 t - a potion of heal wounds {unknown}
 w - 3 potions of curing {unknown}
Comestibles
 c - 11 rations
 E - a chunk of flesh


   Skills:
 + Level 3.9 Dodging
 + Level 4.1 Stealth
 * Level 10.9 Spellcasting
 + Level 8.6 Conjurations


You had 12 spell levels left.
You knew the following spells:

 Your Spells              Type           Power        Failure   Level  Hunger
b - Iskenderun's Mystic   Conj           ######..     1%          4    None
d - Magic Dart            Conj           ####         1%          1    None
l - Force Lance           Conj/Tloc      ####....     9%          4    None
r - Searing Ray           Conj           ######       1%          2    None
s - Dazzling Spray        Conj/Hex       ####..       2%          3    None
w - Swiftness             Chrm/Air       ##......     8%          2    None

Your spell library contained the following spells:

 Spells                   Type           Power        Failure   Level  Hunger
 Shock                    Conj/Air       ####         1%          1    None
 Ensorcelled Hibernation  Hex/Ice        ##....       8%          2    None
 Fulminant Prism          Conj/Hex       ####......   9%          4    None
 Inner Flame              Hex/Fire       ###.....     16%         3    None
 Invisibility             Hex            ##......     100%        6    #####..


Dungeon Overview and Level Annotations

Branches:
Dungeon (8/15)             Temple (1/1) D:5
   Lair: D:8-11

Altars:
Cheibriados
Dithmenos
Elyvilon
Fedhas
Gozag
Hepliaklqana
Makhleb
Nemelex Xobeh
Okawaru
Qazlal
Ru
Sif Muna
Trog
Uskayaw
Vehumet
Wu Jian
Xom
Zin
The Shining One

Annotations:
D:7 Harold


Message History

Press: ? - help, Shift-Dir - straight line, f/p - orc warrior
Aim: an orc warrior, wielding a +0 short sword and wearing a +0 chain mail The lance of force misses the orc warrior.
The orc warrior hits you with a +0 short sword!
Casting: Force Lance (safe; 9% risk of failure)
Confirm with . or Enter, or press ? or * to list all spells.
Aiming: Force Lance (safe; 9% risk of failure)
Press: ? - help, Shift-Dir - straight line, f/p - orc warrior
Aim: an orc warrior, wielding a +0 short sword and wearing a +0 chain mail The lance of force misses the orc warrior.
The orc warrior hits you with a +0 short sword.
The orc warrior hits you with a +0 short sword!
* * * LOW HITPOINT WARNING * * *
You climb upwards.
Level annotation: Harold
There is a stone staircase leading down, spattered with blood here.
As you read the scroll of teleportation, it crumbles to dust.
You feel strangely unstable.
The orc warrior hits you with a +0 short sword!
You die...

#......###### #....
#......# #....
#......# #....
#......# #####
#....(.# # #..[...#
# #......++###### #
#..)o..........(####
#..@............+...
#...............####
#####...............
#...............
#...............
###.............##
#...............#
#.....#######...#
####### #...#


You could see an orc warrior.

Vanquished Creatures
  Menkaure (D:7)
  A phantom (D:5)
  An orc warrior (D:7)
  A sky beast (D:7)
  2 ogres
  A centaur (D:7)
  2 bullfrogs
  A wyvern zombie (D:8)
  A scorpion (D:5)
  A howler monkey (D:5)
  5 crimson imps
  2 centaur zombies (D:6)
  A hound (D:7)
  2 orc priests
  4 orc wizards
  Jessica (D:2)
  3 worker ants
  A killer bee zombie (D:6)
  A hound zombie (D:6)
  A worker ant zombie (D:7)
  Robin (D:2)
  5 adders
  2 shadow imps
  2 oozes
  An adder zombie (D:7)
  2 worms
  2 dart slugs (D:1)
  4 leopard geckos
  26 orcs
  3 ball pythons (D:4)
  2 giant cockroaches (D:4)
  13 goblins
  9 hobgoblins
  12 jackals
  2 quokkas (D:4)
  4 bats
  8 frilled lizards
  6 kobolds
  2 leopard gecko skeletons (D:4)
  A quokka skeleton (D:5)
  A quokka zombie (D:5)
  4 rats
145 creatures vanquished.

Notes
Turn   | Place    | Note
-------+----------+-------------------------------------------
     0 | D:1      | daning the Deep Elf Conjurer began the quest for the Orb.
     0 | D:1      | Reached XP level 1. HP: 10/10 MP: 6/6
   123 | D:1      | Reached XP level 2. HP: 15/15 MP: 4/8
   127 | D:1      | Learned a level 2 spell: Searing Ray
   355 | D:1      | Reached skill level 5 in Conjurations
  1097 | D:2      | Reached XP level 3. HP: 19/19 MP: 6/9
  1097 | D:2      | Noticed Robin
  1183 | D:2      | Killed Robin
  1274 | D:2      | Learned a level 3 spell: Dazzling Spray
  1537 | D:2      | Reached XP level 4. HP: 24/24 MP: 8/11
  1543 | D:2      | Learned a level 4 spell: Iskenderun's Mystic Blast
  1546 | D:2      | Found a radiant altar of Vehumet.
  1590 | D:2      | Noticed Jessica
  1592 | D:2      | Killed Jessica
  1592 | D:2      | Reached skill level 4 in Spellcasting
  1785 | D:3      | Found a burning altar of Makhleb.
  1886 | D:3      | Found a white marble altar of Elyvilon.
  1906 | D:3      | Found a glowing golden altar of the Shining One.
  1968 | D:3      | Found a stormy altar of Qazlal.
  2037 | D:3      | Found an iron altar of Okawaru.
  2512 | D:4      | Reached XP level 5. HP: 28/28 MP: 4/14
  2719 | D:4      | Reached skill level 5 in Spellcasting
  3600 | D:4      | Found a bloodstained altar of Trog.
  3769 | D:5      | Entered Level 5 of the Dungeon
  3781 | D:5      | Reached XP level 6. HP: 32/32 MP: 13/16
  3787 | D:5      | Learned a level 4 spell: Force Lance
  3880 | D:5      | Found a staircase to the Ecumenical Temple.
  3887 | Temple   | Entered the Ecumenical Temple
  4064 | D:5      | Reached skill level 6 in Spellcasting
  4713 | D:5      | Reached skill level 7 in Spellcasting
  4810 | D:5      | Identified the Disquisition on Flying Hexes
  4815 | D:5      | Learned a level 2 spell: Swiftness
  5169 | D:5      | Reached XP level 7. HP: 36/36 MP: 0/20
  5388 | D:5      | Got a faintly humming robe
  5399 | D:5      | Identified the cursed +0 robe "Couweg" {rElec Slay+2} (You
                  | found it on level 5 of the Dungeon)
  5707 | D:6      | Reached skill level 8 in Spellcasting
  6025 | D:6      | Found a bloodstained altar of Trog.
  6092 | D:6      | Found a sacrificial altar of Ru.
  6347 | D:6      | Reached skill level 9 in Spellcasting
  6456 | D:6      | Found a hide-covered altar of Uskayaw.
  6626 | D:7      | Noticed Menkaure
  6631 | D:7      | Killed Menkaure
  6631 | D:7      | Reached XP level 8. HP: 41/41 MP: 7/23
  6741 | D:7      | Reached skill level 10 in Spellcasting
  6792 | D:7      | Noticed Harold
  7060 | D:7      | Found a deep blue altar of Sif Muna.
  7067 | D:7      | Became a worshipper of Sif Muna the Loreminder
  7330 | D:8      | Found a shimmering altar of Xom.
  7330 | D:8      | Found a shimmering altar of Xom.
  7330 | D:8      | Found a shimmering altar of Xom.
  7330 | D:8      | Found a shimmering altar of Xom.
  7617 | D:8      | Found a shimmering altar of Xom.
  7617 | D:8      | Found a shimmering altar of Xom.
  7756 | D:7      | Mangled by an orc warrior

Skill      XL: |  1  2  3  4  5  6  7  8 |
---------------+-------------------------+-----
Conjurations   | 5 6 7 8 |  8.6
Spellcasting   | 4 5 7 9 10 | 10.9
Dodging        | 3 |  3.9
Stealth        | 4 |  4.1

Action                   |  1- 3 |  4- 6 |  7- 9 || total
-------------------------+-------+-------+-------++-------
Melee: Unarmed           |    12 |     1 |     1 ||    14
 Cast: Magic Dart        |    57 |    65 |    26 ||   148
       Searing Ray       |     3 |    12 |    15 ||    30
       Iskenderun's Myst |       |    38 |    47 ||    85
       Force Lance       |       |       |     5 ||     5
  Use: Scroll            |       |     3 |     1 ||     4
  Eat: Chunk             |     1 |    12 |     3 ||    16
       Ration            |       |     1 |     2 ||     3
Armor: Skin              |     7 |       |       ||     7
       Robe              |       |     1 |    10 ||    11
Dodge: Dodged            |    13 |    10 |    49 ||    72
